Map: New Gettysburg LE

Players

Dark

  • Race: Zerg Zerg

Stats - Winner!

  • Race: Protoss Protoss

Event: 2016 WCS Global Finals

VOD

https://youtu.be/U2psRDuUKHQ?t=399

Description

Time

  • Played on: Oct. 29, 2016, 10:56 a.m.
  • Length: 22:42

All games in this series

Show
View Real Time Build Order
Export as new Build Order

Dark Zerg 

Build Orders: Hatch First 

Get SALT Encoding   

  12  0:00  Drone  
  13  0:12  Overlord  
  13  0:17  Drone  
  14  0:31  Drone x2  
  14  0:35  Drone  
  17  0:51  Hatchery  
  17  0:55  Drone  
  17  0:58  Drone  
  18  1:09  Extractor  
  17  1:14  Spawning Pool  
  17  1:16  Drone  
  17  1:20  Drone  
  18  1:28  Drone  
  19  1:41  Overlord  
  19  1:50  Drone  
  20  2:00  Queen  
  22  2:02  Zergling x2  
  22  2:03  Queen  
  22  2:05  Drone  
  26  2:11  Metabolic Boost  
  26  2:15  Drone  
  27  2:16  Drone  
  27  2:22  Drone  
  29  2:27  Drone  
  30  2:41  Zergling x2, Hatchery  
  30  2:43  Zergling x2  
  31  2:48  Pneumatized Carapace  
  31  2:55  Overlord  
  31  2:58  Drone x2  
  33  3:01  Drone  
  33  3:05  Drone  
  35  3:09  Drone  
  36  3:13  Drone x2  
  36  3:14  Drone x2  
  36  3:17  Drone  
  36  3:18  Drone  
  42  3:22  Overlord  
  42  3:34  Queen  
  42  3:35  Roach Warren  
  42  3:39  Drone  
  44  3:42  Drone x3  
  44  3:44  Drone  
  44  3:48  Spore Crawler  
  47  3:49  Spore Crawler  
  47  3:52  Drone x2  
  48  3:58  Queen  
  48  4:00  Extractor  
  49  4:03  Evolution Chamber  
  49  4:04  Drone x2  
  49  4:06  Drone  
  49  4:09  Drone  
  52  4:15  Drone x3  
  55  4:18  Spore Crawler  
  55  4:24  Overlord x2  
  56  4:31  Zergling x4  
  58  4:43  Zergling x2  
  58  4:44  Zergling x6  
  61  4:51  Drone x7  
  66  4:56  Drone x2  
  66  4:57  Drone  
  66  4:58  Drone, Lair  
  66  4:59  Zerg Melee Weapons Level 1  
  68  5:01  Overlord  
  68  5:05  Drone  
  69  5:09  Drone x2  
  69  5:10  Drone  
  69  5:11  Overlord  
  69  5:13  Drone  
  73  5:19  Overlord  
  73  5:24  Baneling Nest, Overlord  
  73  5:25  Drone  
  73  5:28  Queen  
  73  5:30  Drone x3  
  73  5:33  Drone x4  
  82  5:38  Drone x2  
  84  5:44  Drone  
  84  5:45  Drone  
  84  5:47  Hatchery  
  85  5:50  Extractor  
  85  5:51  Extractor  
  85  5:55  Drone x3  
  83  5:57  Drone  
  83  5:58  Drone x2  
  83  5:59  Roach x4  
  83  6:01  Overlord  
  94  6:04  Extractor  
  94  6:05  Drone x2, Extractor  
  94  6:06  Overlord  
  94  6:14  Overlord  
  94  6:21  Evolution Chamber  
  94  6:24  Hatchery, Infestation Pit  
  94  6:25  Drone x3  
  93  6:29  Zergling x12  
  93  6:30  Zergling x4  
  93  6:31  Ravager x4  
  106  6:36  Overlord  
  106  6:38  Zergling x4  
  108  6:46  Baneling  
  108  6:47  Baneling x3  
  108  6:49  Baneling x4  
  108  6:50  Overlord  
  108  6:53  Overlord  
  108  6:58  Centrifical Hooks  
  108  7:02  Zerg Melee Weapons Level 2  
  108  7:05  Drone  
  108  7:06  Drone x7  
  118  7:12  Zerg Ground Armor Level 1  
  118  7:17  Drone x3  
  118  7:18  Drone  
  118  7:19  Overlord  
  118  7:20  Baneling  
  118  7:21  Baneling x3  
  118  7:22  Zergling x10  
  125  7:24  Spore Crawler  
  123  7:32  Overlord  
  118  7:40  Drone x4, Spore Crawler  
  122  7:44  Drone x3  
  122  7:45  Spore Crawler  
  122  7:46  Hive  
  122  7:49  Spire  
  124  7:51  Drone  
  124  7:52  Zergling x22  
  135  8:01  Overseer  
  135  8:03  Zergling x6  
  135  8:04  Overlord  
  138  8:09  Overlord x2  
  138  8:11  Zergling x2  
  138  8:12  Zergling x8  
  141  8:19  Baneling x5  
  141  8:21  Hatchery  
  141  8:22  Baneling  
  141  8:25  Drone x3  
  141  8:26  Extractor, Overlord x3  
  142  8:28  Drone x2  
  142  8:30  Extractor  
  136  8:39  Zergling x2, Overlord  
  136  8:40  Zergling x14  
  143  8:45  Zergling x10  
  143  8:46  Zergling x12  
  154  9:03  Greater Spire  
  154  9:04  Zergling x2, Adrenal Glands  
  154  9:05  Zergling x16  
  154  9:08  Baneling x16  
  162  9:10  Baneling x4  
  162  9:26  Spine Crawler x2  
  162  9:30  Overlord x2  
  160  9:35  Overlord  
  160  9:36  Drone x8  
  160  9:37  Drone  
  165  9:47  Corruptor x2  
  165  9:48  Corruptor x5  
  174  10:19  Zerg Flyer Weapons Level 1  
  166  10:24  Zerg Ground Armor Level 2, Zerg Melee Weapons Level 3  
  166  10:27  Extractor, Spore Crawler  
  166  10:28  Drone x2, Extractor  
  164  10:31  Brood Lord x5  
  164  10:34  Zergling x2  
  164  10:35  Zergling x12  
  181  10:37  Zergling x6  
  181  10:38  Zergling x4  
  181  10:42  Hatchery  
  178  10:43  Overlord  
  178  10:45  Zergling x4  
  170  10:53  Zergling x16  
  170  10:55  Drone x2  
  170  10:56  Brood Lord x2  
  183  10:58  Corruptor x3  
  189  11:04  Overseer  
  189  11:10  Ultralisk Cavern  
  189  11:11  Corruptor  
  188  11:17  Baneling x4  
  190  11:21  Zergling x4  
  187  11:27  Corruptor x3  
  193  11:32  Overseer  
  193  11:37  Overlord  
  193  11:39  Baneling x7  
  193  11:40  Baneling x2  
  193  11:41  Zergling x2  
  193  11:46  Overlord  
  192  11:48  Zergling x8  
  189  11:58  Chitinous Plating  
  188  12:03  Viper x2  
  188  12:04  Viper  
  188  12:06  Evolution Chamber  
  188  12:07  Evolution Chamber  
  195  12:09  Evolution Chamber x2  
  195  12:11  Zergling x2  
  195  12:12  Zergling x10  
  199  12:19  Burrow  
  199  12:20  Zerg Flyer Weapons Level 2  
  199  12:21  Spire  
  199  12:22  Zergling x2  
  195  12:33  Zergling x8  
  192  12:37  Infestor  
  194  12:46  Drone x3  
  194  12:47  Drone x4  
  194  12:48  Spore Crawler  
  194  12:49  Spore Crawler x2  
  194  12:50  Spore Crawler  
  195  12:51  Spore Crawler  
  195  12:52  Spore Crawler  
  195  12:53  Spore Crawler  
  195  12:56  Zergling x4  
  195  12:57  Zergling x16  
  195  12:58  Zergling x2, Overseer  
  200  13:03  Nydus Network  
  199  13:05  Drone  
  197  13:15  Corruptor x2  
  197  13:18  Corruptor  
  196  13:38  Zerg Flyer Armor Level 1  
  196  13:43  Overlord x2  
  196  13:49  Overseer x2  
  193  13:58  Corruptor  
  193  13:59  Corruptor x3  
  192  14:10  Nydus Canal  
  192  14:15  Drone x7  
  191  14:31  Zergling x14  
  192  14:38  Spine Crawler, Spore Crawler  
  192  14:39  Zerg Flyer Weapons Level 3  
  192  14:42  Drone x2  
  192  14:43  Drone x4  
  196  14:46  Hatchery  
  196  14:52  Overseer x2, Spore Crawler x2  
  194  14:53  Baneling Nest, Spore Crawler, Overseer x2  
  194  14:54  Spore Crawler  
  194  14:55  Spore Crawler x2  
  188  15:08  Zergling x2  
  189  15:17  Zergling x8  
  189  15:20  Nydus Canal  
  193  15:28  Zergling x6  
  197  15:29  Spore Crawler  
  197  15:32  Zergling x6  
  195  15:43  Zerg Ground Armor Level 3  
  195  15:45  Baneling  
  195  15:46  Baneling x12  
  195  15:55  Baneling x14  
  193  16:05  Corruptor x4  
  195  16:11  Zergling x2  
  195  16:12  Zergling x2  
  195  16:14  Zergling x4  
  195  16:15  Zergling x2  
  181  16:52  Corruptor  
  181  16:53  Corruptor x13  
  200  16:57  Zerg Missile Weapons Level 1, Zerg Flyer Armor Level 2  
  199  17:19  Baneling x5  
  198  17:28  Extractor  
  195  17:31  Overseer  
  189  17:39  Ultralisk  
  189  17:40  Ultralisk  
  199  17:56  Viper  
  193  18:05  Viper x2  
  189  18:07  Zergling x8  
  189  18:11  Baneling x2  
  189  18:12  Baneling  
  199  18:53  Extractor  
  199  18:54  Extractor  
  199  18:55  Zergling x4  
  199  19:05  Hatchery  
  198  19:20  Baneling x9  
  199  19:24  Zergling x2  
  193  19:38  Corruptor x19  
  165  19:39  Corruptor  
  165  19:41  Zergling x26  
  165  19:42  Corruptor x3  
  165  19:43  Corruptor  
  165  19:44  Corruptor x3  
  165  19:45  Corruptor x5  
  198  19:48  Corruptor x4  
  198  19:50  Baneling x8  
  198  19:51  Zergling x6  
  188  19:53  Ultralisk  
  188  19:54  Zergling x4  
  188  19:59  Zergling x4  
  187  20:01  Zergling x6  
  187  20:06  Zergling x6  
  193  20:07  Baneling x14  
  193  20:08  Zergling x2  
  193  20:10  Zergling x2  
  193  20:11  Zergling x2  
  190  20:14  Zergling x6  
  190  20:15  Zergling x4  
  190  20:19  Zergling x2  
  196  20:21  Baneling x2  
  196  20:22  Baneling  
  196  20:23  Zergling x4  
  196  20:24  Zergling x2  
  196  20:27  Zergling x2  
  199  20:34  Zergling x16  
  177  20:36  Zergling x2  
  177  20:38  Zergling x4  
  177  20:42  Zergling x4, Queen x2  
  175  20:43  Queen  
  175  20:44  Baneling, Ultralisk x2  
  175  20:45  Zergling x2  
  192  20:54  Zergling x6  
  185  20:57  Zergling x4  
  185  21:03  Zergling x6  
  185  21:04  Zergling x4  
  177  21:05  Zergling x2  
  177  21:07  Zergling x8  
  177  21:08  Zergling x2  
  177  21:11  Zergling x10  
  184  21:14  Zergling x2, Brood Lord  
  184  21:15  Zergling x4, Brood Lord  
  184  21:16  Zergling x2, Baneling  
  190  21:20  Zergling x2  
  190  21:21  Zergling x4  
  190  21:24  Zergling x2  
  189  21:27  Baneling  
  189  21:28  Baneling x3  
  187  21:34  Overlord x3  
  181  21:42  Baneling  
  167  22:04  Hatchery  
  166  22:10  Baneling x3  
  166  22:15  Baneling  
Show
View Real Time Build Order
Export as new Build Order

Stats Protoss - Winner!

Build Orders: 1 Gate Expand, Oracle Opening 

Get SALT Encoding   

  12  0:00  Probe (Chrono Boost)  
  13  0:11  Probe (Chrono Boost)  
  14  0:18  Pylon  
  14  0:22  Probe (Chrono Boost)  
  15  0:36  Probe (Chrono Boost)  
  15  0:40  Gateway  
  16  0:47  Probe (Chrono Boost)  
  16  0:48  Assimilator  
  17  0:57  Probe (Chrono Boost)  
  18  1:08  Probe (Chrono Boost)  
  19  1:18  Probe (Chrono Boost)  
  19  1:25  Nexus  
  20  1:34  Cybernetics Core  
  20  1:37  Probe (Chrono Boost)  
  21  1:42  Assimilator  
  21  1:48  Probe (Chrono Boost)  
  21  1:53  Pylon  
  22  1:59  Probe (Chrono Boost)  
  23  2:08  Adept  
  23  2:11  Warp Gate  
  23  2:13  Probe (Chrono Boost)  
  26  2:25  Probe (Chrono Boost)  
  26  2:29  Stargate  
  27  2:31  Adept  
  30  2:37  Probe x2 (Chrono Boost)  
  31  2:48  Probe (Chrono Boost)  
  31  2:49  Probe (Chrono Boost)  
  33  2:55  Pylon  
  34  2:58  Probe (Chrono Boost)  
  34  3:00  Probe (Chrono Boost)  
  35  3:07  Oracle  
  35  3:09  Probe (Chrono Boost)  
  35  3:12  Probe (Chrono Boost)  
  37  3:17  Gateway  
  37  3:19  Probe (Chrono Boost)  
  41  3:24  Gateway, Probe (Chrono Boost)  
  42  3:31  Probe (Chrono Boost)  
  43  3:36  Probe (Chrono Boost)  
  46  3:42  Mothership Core (Chrono Boost), Oracle  
  50  3:48  Probe (Chrono Boost)  
  50  3:55  Nexus  
  50  3:58  Pylon  
  50  4:01  Probe (Chrono Boost)  
  50  4:02  Probe (Chrono Boost)  
  52  4:06  Pylon  
  52  4:13  Probe (Chrono Boost)  
  52  4:15  Probe (Chrono Boost)  
  54  4:18  Adept x2  
  54  4:19  Adept  
  61  4:24  Probe (Chrono Boost), Void Ray  
  61  4:27  Probe (Chrono Boost)  
  66  4:36  Assimilator  
  66  4:39  Assimilator, Probe (Chrono Boost)  
  66  4:40  Probe (Chrono Boost)  
  66  4:42  Pylon  
  68  4:53  Pylon, Probe (Chrono Boost)  
  68  4:55  Probe (Chrono Boost)  
  68  4:57  Robotics Facility  
  68  4:59  Forge  
  70  5:08  Probe (Chrono Boost)  
  70  5:09  Probe (Chrono Boost)  
  70  5:12  Probe (Chrono Boost)  
  73  5:19  Probe (Chrono Boost), Protoss Ground Weapons Level 1  
  73  5:20  Probe (Chrono Boost)  
  75  5:21  Sentry  
  75  5:22  Probe (Chrono Boost), Sentry  
  75  5:23  Sentry  
  82  5:30  Probe (Chrono Boost)  
  82  5:31  Probe (Chrono Boost)  
  82  5:33  Probe (Chrono Boost)  
  82  5:34  Gateway  
  85  5:36  Gateway  
  85  5:38  Pylon  
  85  5:40  Warp Prism  
  85  5:42  Pylon, Probe (Chrono Boost)  
  87  5:43  Probe x2 (Chrono Boost)  
  90  5:56  Probe (Chrono Boost)  
  93  5:57  Probe x2 (Chrono Boost)  
  93  5:58  Assimilator  
  93  5:59  Assimilator, Twilight Council  
  93  6:03  Pylon  
  93  6:07  Pylon, Probe (Chrono Boost)  
  93  6:09  Probe (Chrono Boost)  
  93  6:10  Probe (Chrono Boost)  
  96  6:14  Observer  
  96  6:16  Stalker x3  
  103  6:24  Probe (Chrono Boost)  
  104  6:26  Photon Cannon  
  104  6:27  Gateway  
  104  6:28  Gateway  
  104  6:30  Immortal  
  108  6:45  Charge  
  108  6:58  Templar Archives  
  108  7:03  Photon Cannon  
  108  7:05  Zealot  
  108  7:06  Pylon, Zealot x4  
  108  7:07  Immortal  
  122  7:20  Nexus  
  122  7:22  Pylon  
  122  7:24  Pylon  
  122  7:29  Pylon  
  122  7:32  Pylon  
  117  7:38  Probe (Chrono Boost)  
  117  7:39  Probe x2 (Chrono Boost)  
  117  7:43  Psionic Storm  
  119  7:46  High Templar, Immortal  
  119  7:47  High Templar x3, Zealot x2  
  119  7:50  Probe (Chrono Boost)  
  119  7:51  Probe (Chrono Boost)  
  137  7:57  Probe (Chrono Boost)  
  138  8:00  Pylon, Protoss Ground Weapons Level 2  
  138  8:02  Probe (Chrono Boost)  
  138  8:03  Probe (Chrono Boost)  
  140  8:17  Photon Cannon  
  140  8:18  Photon Cannon  
  140  8:19  Photon Cannon  
  140  8:21  Photon Cannon  
  140  8:24  Assimilator  
  140  8:26  Assimilator  
  140  8:28  Zealot  
  142  8:42  Fleet Beacon  
  142  8:44  Stargate  
  142  8:45  Stargate  
  142  8:47  Probe x3 (Chrono Boost)  
  145  8:50  Probe (Chrono Boost)  
  145  8:55  High Templar x2, Zealot x3  
  154  9:02  Archon  
  156  9:18  Photon Cannon  
  156  9:21  Gateway  
  156  9:22  Photon Cannon, Gateway, Tempest x2  
  156  9:23  Tempest  
  156  9:24  Photon Cannon  
  168  9:33  Zealot  
  168  9:34  Zealot  
  172  9:51  Pylon  
  172  9:53  Photon Cannon  
  172  9:59  Tempest x2  
  170  10:00  Tempest  
  179  10:13  Protoss Ground Weapons Level 3  
  184  10:32  Protoss Air Weapons Level 1  
  184  10:36  Void Ray x2  
  172  10:55  Probe x4 (Chrono Boost), Void Ray  
  169  11:03  Pylon  
  173  11:07  Probe x3 (Chrono Boost)  
  173  11:08  Probe (Chrono Boost)  
  181  11:19  Probe x3 (Chrono Boost)  
  181  11:20  Probe (Chrono Boost)  
  181  11:22  Void Ray x2  
  181  11:25  Nexus  
  175  11:26  Pylon  
  183  11:33  Blink, Void Ray  
  186  11:41  Zealot  
  188  11:59  Void Ray x2  
  188  12:03  Pylon  
  196  12:10  Nexus  
  196  12:11  Pylon  
  196  12:16  Void Ray  
  196  12:22  Pylon  
  196  12:41  Warp Prism  
  198  12:51  Tempest  
  198  13:06  Void Ray  
  198  13:09  Pylon  
  198  13:11  Tempest  
  198  13:12  Pylon  
  190  13:15  Assimilator  
  190  13:17  Assimilator  
  190  13:18  Protoss Air Weapons Level 2  
  190  13:32  Pylon  
  190  13:35  Photon Cannon, Dark Shrine  
  190  13:37  Photon Cannon  
  190  13:39  Photon Cannon  
  190  13:41  Photon Cannon  
  190  13:42  Photon Cannon  
  190  13:44  Pylon  
  186  14:09  Pylon  
  184  14:24  High Templar, Protoss Shields Level 1  
  184  14:25  High Templar  
  184  14:28  Pylon  
  184  14:29  Photon Cannon  
  184  14:30  Photon Cannon  
  188  14:32  Photon Cannon  
  178  14:47  Photon Cannon, Dark Templar  
  180  14:54  Photon Cannon  
  180  14:59  Nexus  
  180  15:01  Pylon  
  180  15:07  High Templar x2  
  180  15:10  High Templar  
  186  15:28  Stalker x3  
  190  15:56  Dark Templar  
  192  16:04  Photon Cannon  
  192  16:06  Photon Cannon  
  192  16:09  Photon Cannon  
  192  16:11  Photon Cannon  
  189  16:13  Photon Cannon  
  189  16:19  Void Ray  
  189  16:23  Protoss Air Weapons Level 3  
  189  16:24  Void Ray  
  197  16:27  Protoss Shields Level 2  
  185  16:54  Tempest  
  171  16:56  Tempest  
  175  17:07  Tempest  
  183  17:10  Assimilator  
  183  17:15  Assimilator  
  181  17:21  Gateway  
  177  17:24  Dark Templar x2  
  177  17:27  Gateway x2  
  181  17:32  Zealot x7  
  175  18:15  Warp Prism  
  177  18:35  High Templar x5  
  177  18:36  High Templar x3  
  177  18:38  High Templar x2  
  177  18:39  Stalker  
  177  18:40  Pylon  
  199  18:42  Archon x3  
  199  18:43  Archon x2  
  199  18:44  Pylon  
  199  18:46  Protoss Air Armor Level 1  
  197  19:05  Warp Prism  
  166  19:41  Observer  
  166  19:43  Stalker x9  
  166  19:44  Stalker x2  
  166  19:45  Stalker  
  161  20:03  Observer, Mothership Core (Chrono Boost)  
  161  20:06  High Templar x2  
  161  20:07  High Templar x4  
  170  20:08  High Templar x2, Stalker x4  
  181  20:15  Pylon  
  181  20:18  Photon Cannon, Archon x2  
  181  20:19  Archon x2  
  159  20:37  Stalker x4  
  159  20:39  Stalker x5  
  159  20:40  Stalker x3  
  159  20:41  Stalker x4  
  151  20:51  Immortal  
  149  21:07  Pylon  
  149  21:08  Stalker x5  
  149  21:09  Stalker x7  
  173  21:36  High Templar x4, Stalker x3  
  173  21:37  Stalker  
  173  21:38  Stalker x4  
  189  22:30  Archon x2  
Tags
 
Add a new tag
Caveats
  • Supply blocks, unpowered buildings, or Contaminate may cause inaccurate times.
  • Supply counts are checked every 10 seconds.